 Dungeon Crawl Stone Soup version 0.31.0-11-ge490571c62 (webtiles) character file.

Game seed: 18306194579441385254

68 Gadfly the Ruffian (level 4, 33/33 HPs)
             Began as a Demonspawn Shapeshifter on Jan 27, 2024.
             Quit the game on level 2 of the Dungeon.
             The game lasted 00:01:55 (1864 turns).

Gadfly the Ruffian (Demonspawn Shapeshifter)        Turns: 1864, Time: 00:01:56

Health: 33/33      AC:  5    Str: 16    XL:     4   Next: 1%
Magic:  4/4        EV: 12    Int: 10    God:
Gold:   1110       SH:  0    Dex: 13    Spells: 3/3 levels left

rFire   . .          .
                       - Unarmed
rCold   . . .        (no shield)
rNeg    . . .        a - +1 animal skin
rPois   .            (helmet currently unavailable)
rElec   .            (cloak currently unavailable)
rCorr   .            (gloves currently unavailable)
SInv    .            (boots currently unavailable)
Will    .....        (no amulet)
Stlth   +            (no ring)
HPRegen 0.25/turn    (no ring)
MPRegen 0.18/turn

%: no passive effects
@: beast-form
A: beast (slay +1), icy blue scales 1, magic regeneration
a: Begin Untransformation


You were on level 2 of the Dungeon.
You were a hulking beast.
You visited 1 branch of the dungeon, and saw 3 of its levels.

You collected 1110 gold pieces.

Inventory:

Armour
 a - a +1 animal skin (worn)
Talismans
 c - a beast talisman
 d - a flux talisman
Scrolls
 h - a scroll of fog {unknown}
 j - a scroll of identify {unknown}
 k - a scroll of enchant armour
Potions
 b - 3 potions of lignification
 e - 2 potions of curing {unknown}
 f - a potion of mutation {unknown}
 g - a potion of brilliance {unknown}
 i - a potion of heal wounds {unknown}
 l - a potion of enlightenment {unknown}


   Skills:
 + Level 1.7 Fighting
 * Level 2.5 Dodging
 + Level 3.0 Unarmed Combat
 * Level 1.6 Evocations
 + Level 2.9 Shapeshifting


You had 3 spell levels left.
You didn't know any spells.
Your spell library contained the following spells:

 Spells                   Type           Power      Damage    Failure   Level
 Mercury Vapours          Alch/Air       0%         N/A       50%         2
 Mephitic Cloud           Conj/Alch/Air  0%         N/A       75%         3
 Freezing Cloud           Conj/Ice/Air   0%         6-21      100%        5


Dungeon Overview and Level Annotations

Branches:
Dungeon (3/15)

Altars:

Shops:
D:1 (


Innate Abilities, Weirdness & Mutations

You are a hulking beast.
Your limbs bulge with bestial killing power. (Slay +1)
You are partially covered in icy blue scales. (AC +2)
You regenerate magic rapidly.


Message History

You hit Jessica.
Jessica is severely wounded.
Jessica gestures wildly while chanting.
Jessica blinks!
You completely miss the kobold. You closely miss the kobold.
The kobold completely misses you.
You hit the kobold.
You kill the kobold!
Jessica mumbles some strange words.
Jessica blinks!
You hit the rat.
The rat is severely wounded.
The rat bites you but does no damage.
You hit the rat.
You kill the rat!
Jessica grins evilly.
Jessica hits you but does no damage.
Your Unarmed Combat skill increases to level 3!
You closely miss Jessica.
Jessica is heavily wounded.
Jessica hits you with a +0 club.
* * * LOW HITPOINT WARNING * * *
You barely miss Jessica.
Jessica is heavily wounded.
Jessica hits you with a +0 club.
* * * LOW HITPOINT WARNING * * *
Jessica hits you but does no damage.
You hit Jessica.
Jessica is severely wounded.
Jessica hits you with a +0 club.
* * * LOW HITPOINT WARNING * * *
You punch Jessica!
You kill Jessica!
You have reached level 4!
You feel agile.
Your demonic ancestry asserts itself...
Your magic begins to regenerate rapidly.
You start resting.
HP restored.
Items here: ( )) [ †.
Are you sure you want to abandon this character and quit the game? (Confirm with "yes".)

...............# #.....###..##..#
..###...♣.♣.♣..# #♣♣♣♣♣##...##...
..# #..........##♣♣.♣♣♣♣.......#.
### #...>......#....P.P.♣♣.######
##........(...♣.P..P..♣.# #
##...#####.r#...♣♣♣.P♣♣♣♣# #
♣♣♣.............### ♣PP...♣
.P♣.........##.####♣♣.♣.♣♣♣
P♣♣..........#..h..#♣♣♣♣♣♣##
♣♣...).......#####...##....####
♣#...........# ##...........#
♣♣###......#.#######.#........##
P♣♣♣#......#.........#.........##
..P♣♣......########.......(......
P...♣...........####.#####....##.
♣♣♣........####...##.# ########
♣.♣######## ###....# #


There were no monsters in sight!

Vanquished Creatures
  Jessica (D:2)
  An adder (D:2)
  A ball python (D:1)
  2 endoplasms (D:1)
  2 giant cockroaches
  3 hobgoblins
  3 jackals (D:1)
  A quokka (D:2)
  2 bats
  A frilled lizard (D:1)
  6 goblins
  4 kobolds
  3 rats
30 creatures vanquished.

Notes
Turn   | Place    | Note
-------+----------+-------------------------------------------
     0 | D:1      | Gadfly the Demonspawn Shapeshifter began the quest for the
                  | Orb.
     0 | D:1      | Reached XP level 1. HP: 15/15 MP: 1/1
   335 | D:1      | Gained mutation: You are partially covered in icy blue
                  | scales. (AC +2) [demonic ancestry]
   335 | D:1      | Reached XP level 2. HP: 21/21 MP: 2/2
   384 | D:1      | Found Riqotz's Weapon Shoppe.
   444 | D:1      | Reached skill level 1 in Evocations
   588 | D:1      | Found a faded altar of an unknown god.
   594 | D:1      | Identified a scroll of acquirement
   594 | D:1      | Acquired 935 gold pieces
  1182 | D:2      | Reached XP level 3. HP: 19/26 MP: 3/3
  1622 | D:3      | Noticed Jessica
  1743 | D:2      | Reached skill level 3 in Unarmed Combat
  1746 | D:2      | Killed Jessica
  1747 | D:2      | Gained mutation: You regenerate magic rapidly. [demonic
                  | ancestry]
  1747 | D:2      | Reached XP level 4. HP: 4/33 MP: 4/4
  1864 | D:2      | Quit the game

Illustrated notes

Levels and vault maps discovered:
D:1:      dpeg_arrival_shelter, layout_loops_ring, serial_shops,
          nicolae_shop_tiny_statue_garden, shapermc_ecumenical_altar_hornbeckon,
          hex_medium
D:2:      layout_rooms, serial_forest, infiniplex_forest_straight_2,
          infiniplex_forest_lined_corner, infiniplex_forest_split,
          infiniplex_forest_clump_small, infiniplex_forest_lined_corner,
          infiniplex_forest_end_3, nrook_mini_vaults
D:3:      layout_rooms, hangedman_decor_slide_cut, kennysheep_flooded_box,
          uniq_robin, uniq_ijyb, uniq_jessica

Skill      XL: |  1  2  3 |
---------------+----------+-----
Dodging        | 2 |  2.5
Evocations     | 1 |  1.6
Unarmed Combat | 3 |  3.0
Fighting       | |  1.7
Shapeshifting  | |  2.9

Action                     |  1- 3 |  4- 6 || total
---------------------------+-------+-------++-------
  Melee: Unarmed           |   213 |       ||   213
         Punch             |     7 |       ||     7
    Use: Scroll            |     5 |       ||     5
   Stab: Sleeping          |     1 |       ||     1
 Armour: Animal skin       |    79 |       ||    79
  Dodge: Dodged            |    74 |       ||    74
